 Dungeon Crawl Stone Soup version 0.27-a0-869-g165b36e3f0 (webtiles) character file.

Game seed: 11334669741719453495

198 Dvallin the Magician (level 5, 0/40 HPs)
             Began as a Djinni Ice Elementalist on Apr 2, 2021.
             Was an Initiate of Cheibriados.
             Slain by an ogre
             ... wielding a +0 giant club
              (9 damage)
             ... on level 4 of the Dungeon.
             The game lasted 00:10:06 (4759 turns).

Dvallin the Magician (Djinni Ice Elementalist)      Turns: 4759, Time: 00:10:07

Health: 0/40       AC:  8    Str:  8    XL:     5   Next: 76%
Gold:   182        EV: 13    Int: 18    God:    Cheibriados [......] SH:  0 Dex: 15

rFire    + + +     SeeInvis .   l - +2 dagger (protect)
rCold    x . .     Faith    .   (no shield)
rNeg     . . .     Spirit   .   a - +0 robe
rPois    ∞         Reflect  .   (no helmet)
rElec    .         Harm     .   (no cloak)
rCorr    +         Rampage  .   (no gloves)
Will     .....                  (boots unavailable)
Stlth    ++........             (no amulet)
HPRegen  0.13/turn              m - ring of resist corrosion
MPRegen  0.00/turn              n - ring of protection from fire

@: ice-armoured, frozen ramparts, flying, very slow
A: fire resistance 2, cold vulnerability 1, float, innate caster, hp casting,
extra vitality 1
a: Renounce Religion, Bend Time


You were on level 4 of the Dungeon.
You worshipped Cheibriados.
Cheibriados was noncommittal.
You visited 1 branch of the dungeon, and saw 4 of its levels.

You collected 182 gold pieces.

Inventory:

Hand Weapons
 j - a +2 vampiric dagger
 l - a +2 dagger of protection (weapon)
Missiles
 f - a throwing net
Armour
 a - a +0 robe (worn)
Jewellery
 m - a ring of resist corrosion (left hand)
 n - a ring of protection from fire (right hand)
Scrolls
 b - 2 scrolls of fear
 c - a scroll of enchant weapon {unknown}
 p - a scroll of immolation
Potions
 d - a potion of brilliance
 i - 2 potions of curing
 o - a potion of flight {unknown}
 q - 3 potions of ambrosia
 r - a potion of heal wounds {unknown}


   Skills:
 * Level 3.2 Fighting
 + Level 3.2 Dodging
 - Level 1.5 Stealth
 * Level 4.7 Spellcasting


You couldn't memorise any spells.
You knew the following spells:

 Your Spells              Type           Power      Damage    Failure   Level
a - Freeze                Ice            84%        1d10      1%          1
b - Frozen Ramparts       Ice            42%        1d6       6%          3
c - Ozocubu's Armour      Ice            21%        N/A       6%          3
d - Hailstorm             Conj/Ice       21%        3d6       21%         4
e - Summon Ice Beast      Ice/Summ       21%        N/A       21%         4
f - Pain                  Necr           84%        1d8       1%          1
g - Slow                  Hex            21%        N/A       3%          2
Your spell library was empty.

Dungeon Overview and Level Annotations

Branches:
Dungeon (4/15)
 Temple: D:4-7

Altars:
Cheibriados
Ru
The Shining One

Shops:
D:3 (

Annotations:
D:3 1 runed translucent door, Dittersdorf's ghost, amateur GrFi
D:4 exclusion: hound, Eustachio; Ijyb


Innate Abilities, Weirdness & Mutations

You are immune to poison.
Your flesh is very heat resistant. (rF++)
You are vulnerable to cold. (rC-)
You float through the air rather than walking.
You learn spells naturally, not from books.
Your magical power is your life essence.
You have superior vitality. (+4 HP)


Message History

Cheibriados thoroughly appreciates the change of pace.
The wall freezes the goblin.
You kill the goblin!
Cheibriados thoroughly appreciates the change of pace.
You start resting.
The frozen ramparts melt away.
Your icy armour cracks and falls away as you move.
You see here an adder corpse.
You start resting.
You hear the brisk rusting of a drain.
You see here an adder corpse.
An ogre comes into view. It is wielding a +0 giant club.
The ogre shouts!
The ogre moves out of view.
Found a stone staircase leading up.
Casting: Ozocubu's Armour (dangerous; 6% risk of failure)
Confirm with . or Enter, or press ? or * to list all spells.
Okay, then.
Casting: Ozocubu's Armour (dangerous; 6% risk of failure)
Confirm with . or Enter, or press ? or * to list all spells.
A film of ice covers your body!
* * * LOW HITPOINT WARNING * * *
Casting: Ozocubu's Armour (dangerous; 6% risk of failure)
Confirm with . or Enter, or press ? or * to list all spells.
Casting: Frozen Ramparts (dangerous; 6% risk of failure)
Press: ? - help, Dir - look around, f - activate A rock wall.
The walls around you are covered in ice.
* * * LOW HITPOINT WARNING * * *
The wall freezes the ogre.
The ogre barely misses you.
Casting: Frozen Ramparts (dangerous; 6% risk of failure)
Confirm with . or Enter, or press ? or * to list all spells.
Aiming: Freeze (safe; 1% risk of failure)
Press: ? - help, Shift-Dir - straight line, f - ogre
Aim: an ogre, wielding a +0 giant club (lightly wounded)
You freeze the ogre!
The ogre is heavily wounded.
* * * LOW HITPOINT WARNING * * *
The wall freezes the ogre.
The ogre hits you with a +0 giant club!
You die...

##..##.................
.......................#
..#....................#
..###.................##
#.#....................#
........................
......................##
##)†...........O.......#
##.†#........###@......#
##..##......###........#
#.....####### ####......
......# .....# ......#
....# ......# ....#
......# ...# ......#
...# ....###


You could see an ogre.

Vanquished Creatures
  A kobold brigand (D:3)
  A centaur zombie (D:4)
  2 adders
  3 worms
  3 dart slugs
  An orc (D:4)
  10 ball pythons
  4 endoplasms
  4 giant cockroaches
  5 goblins
  3 hobgoblins
  5 kobolds
  5 quokkas
  3 bats
  4 frilled lizards
  7 rats
61 creatures vanquished.

Notes
Turn   | Place    | Note
-------+----------+-------------------------------------------
     0 | D:1      | Dvallin the Djinni Ice Elementalist began the quest for the
                  | Orb.
     0 | D:1      | Reached XP level 1. HP: 15/15 MP: 0/0
   482 | D:1      | Reached XP level 2. HP: 20/22 MP: 0/0
   611 | D:1      | Reached skill level 1 in Fighting
  1322 | D:1      | Reached skill level 4 in Spellcasting
  1322 | D:1      | Reached XP level 3. HP: 26/27 MP: 0/0
  1322 | D:1      | Learned a level 1 spell: Pain
  2208 | D:2      | Found a faded altar of an unknown god.
  3043 | D:2      | Reached XP level 4. HP: 22/33 MP: 0/0
  3265 | D:3      | Noticed a kobold brigand
  3279 | D:3      | Killed a kobold brigand
  3280 | D:3      | Reached XP level 5. HP: 14/39 MP: 0/0
  3280 | D:3      | Learned a level 2 spell: Slow
  3553 | D:3      | Found a runed translucent door.
  3555 | D:3      | Noticed Dittersdorf's ghost (amateur GrFi)
  3904 | D:3      | Found a snail-covered altar of Cheibriados.
  3912 | D:3      | Became a worshipper of Cheibriados the Contemplative
  3967 | D:3      | Found Qurcheuk's Weapon Emporium.
  4443 | D:4      | Noticed Eustachio
  4514 | D:4      | Noticed Ijyb
  4563 | D:4      | Found a sacrificial altar of Ru.
  4564 | D:4      | Found a glowing golden altar of the Shining One.
  4749 | D:4      | Noticed an ogre
  4759 | D:4      | Slain by an ogre

Illustrated notes

Levels and vault maps discovered:
D:1:      ncdulo_watergridlock, layout_loops_corners
D:2:      minmay_spotlight, layout_rooms, basic_ecumenical_altar,
          minmay_tromino_v7
D:3:      layout_basic, kennysheep_slug_shrine, hellmonk_ghost_happy_afterlife,
          serial_shops, shop
D:4:      layout_cave_pools, gammafunk_temple_overflow_pools,
          lightli_sewer_entry_pipes, chequers_decorated_corner, uniq_eustachio,
          uniq_ijyb

Skill      XL: |  1  2  3  4  5 |
---------------+----------------+-----
Fighting       | 1 2 3 |  3.2
Spellcasting   | 4 |  4.7
Dodging        | 3 |  3.2
Stealth        | |  1.5

Action                   |  1- 3 |  4- 6 || total
-------------------------+-------+-------++-------
Melee: Dagger            |     4 |    43 ||    47
 Cast: Freeze            |    32 |     8 ||    40
       Pain              |    51 |    21 ||    72
       Ozocubu's Armour  |       |     3 ||     3
       Frozen Ramparts   |       |     2 ||     2
  Use: Scroll            |       |     8 ||     8
 Stab: Sleeping          |     1 |       ||     1
Armor: Robe              |     3 |    26 ||    29
Dodge: Dodged            |    15 |    52 ||    67

Table legend: (Time is in decaauts)
 A = Elapsed time spent in this place.
 B = Non-inter-level travel time spent in this place.
 C = Inter-level travel time spent in this place.
 D = Time resting spent in this place.
 E = Time spent auto-exploring this place.
 F = Levels seen in this place.
 G = Mean time per level.
                   A        B        C        D        E       F      G
               +--------+--------+--------+--------+--------+-----+--------+
         Total |   4918 |   4854 |     64 |    288 |   3952 |   4 | 1229.5 |
       Dungeon |   4918 |   4854 |     64 |    288 |   3952 |   4 | 1229.5 |
               +--------+--------+--------+--------+--------+-----+--------+

Top non-repeatable levels by time:
     D:1: 1839 daAuts
     D:2: 1582 daAuts
     D:3: 1103 daAuts
     D:4: 393 daAuts
